 Dungeon Crawl Stone Soup version 0.24-a0-613-g1ff6aac338 (webtiles) character file.

Game seed: 5091270263472427302, levelgen mode: deterministic

1038 Jorund the Chopper (level 8, 61/61 HPs)
             Began as a Demonspawn Gladiator on Sept 12, 2019.
             Quit the game on level 4 of the Dungeon.
             The game lasted 00:08:09 (4208 turns).

Jorund the Chopper (Demonspawn Gladiator)           Turns: 4208, Time: 00:08:09

Health: 61/61      AC:  9    Str: 16    XL:     8   Next: 4%
Magic:  8/8        EV: 12    Int: 11    God:
Gold:   229        SH:  0    Dex: 14    Spells: 7/7 levels left

rFire    . . .     SeeInvis .   a - +0 war axe
rCold    . . .     Gourm    .   (no shield)
rNeg     . . .     Faith    .   u - +0 ring mail
rPois    .         Spirit   .   (helmet restricted)
rElec    .         Reflect  .   (no cloak)
rCorr    .         Harm     .   t - +0 pair of gloves
MR       .....                  (no boots)
Stlth    ++........             (no amulet)
HPRegen  0.20/turn              (no ring)
MPRegen  0.11/turn              (no ring)

@: no status effects
A: horns 1, icy blue scales 1, demonic guardian 1, nightstalker 1
a: no special abilities


You were on level 4 of the Dungeon.
You were not hungry.

You visited 1 branch of the dungeon, and saw 4 of its levels.

You collected 229 gold pieces.

Inventory:

Hand Weapons
 a - a +0 war axe (weapon)
 m - a +2 spear of venom
Missiles
 e - 17 poisoned darts (quivered)
Armour
 t - a +0 pair of gloves (worn)
 u - a +0 ring mail (worn)
Wands
 r - a wand of digging (3)
Scrolls
 b - a scroll of enchant armour {unknown}
 c - a scroll of fear {unknown}
 g - 5 scrolls of identify {unknown}
 h - 2 scrolls of fog {unknown}
 i - 2 scrolls of noise {unknown}
 k - a scroll of magic mapping {unknown}
 l - 2 scrolls of amnesia {unknown}
 n - a scroll of remove curse {unknown}
 q - a scroll of enchant weapon {unknown}
 s - 3 scrolls of teleportation {unknown}
Potions
 j - a potion of curing
 o - a potion of haste
Comestibles
 d - 2 chunks of flesh
 f - 5 rations


   Skills:
 + Level 4.3 Fighting
 + Level 6.3 Axes
 - Level 2.6 Throwing
 + Level 4.5 Armour
 - Level 2.6 Dodging


You had 7 spell levels left.
You didn't know any spells.
Your spell library was empty.

Dungeon Overview and Level Annotations

Branches:
Dungeon (4/15)
 Temple: D:4-7

Altars:
Gozag
Nemelex Xobeh
Wu Jian

Annotations:
D:4 2 transporters, splatterpode's ghost, weakling OpEE


Innate Abilities, Weirdness & Mutations

You have a pair of small horns on your head.
You are partially covered in icy blue scales. (AC +2)
A weak demonic guardian rushes to your aid.
You are slightly more attuned to the shadows.


Message History

You hit the quokka.
The quokka is lightly wounded.
The quokka bites you but does no damage.
Eustachio screams, "Hey, you killed my favourite bat!"
You hit the quokka.
The quokka is almost dead.
The quokka bites you but does no damage.
The quokka misses you.
You slash the quokka!
You kill the quokka!
The quokka's corpse disappears in a puff of smoke!
You slash Eustachio!
You kill Eustachio!
You have reached level 8!
You feel clever.
Your demonic ancestry asserts itself...
You feel the presence of a demonic guardian.
You now have 229 gold pieces (gained 24).
Things that are here:
a +0 rapier of electrocution; a cursed +0 leather armour Are you sure you want to abandon this character and quit the game? (Confirm with "yes".)

# #. #.#########
#.........#
####.........# ####
............#####...
.####.###.###..........
.(((((@...............)
..#(#####.#.......##...
... .
................#####
#...
..###.#.............#
.....
...........####...#.#
.)...
######......#######.#
#....##. .....##......#
#.### ..#..#8.
#.8#......# #...#
.....#..
#.##..#......########.#


There were no monsters in sight!

Vanquished Creatures
  Pikel (D:4)
  Eustachio (D:4)
  2 slaves
  A phantom (D:4)
  An ogre (D:4)
  An orc wizard (D:3)
  An orc priest (D:3)
  Natasha (thrice) (D:4)
  Robin (D:2)
  2 adders
  An ooze (D:2)
  3 dart slugs
  3 leopard geckos
  10 orcs
  7 bats
  A giant cockroach (D:3)
  14 goblins
  15 hobgoblins
  A quokka (D:3)
  A ball python (D:3)
  8 frilled lizards
  8 kobolds
  4 rats
90 creatures vanquished.

Vanquished Creatures (others)
  An adder skeleton (D:4)
1 creature vanquished.

Grand Total: 91 creatures vanquished

Notes
Turn   | Place    | Note
-------+----------+-------------------------------------------
     0 | D:1      | Jorund the Demonspawn Gladiator began the quest for the
                  | Orb.
     0 | D:1      | Reached XP level 1. HP: 16/16 MP: 1/1
   200 | D:1      | Reached skill level 3 in Axes
   210 | D:1      | Gained mutation: You have a pair of small horns on your
                  | head. [demonic ancestry]
   210 | D:1      | Reached XP level 2. HP: 10/22 MP: 2/2
   486 | D:1      | Reached XP level 3. HP: 25/28 MP: 3/3
   819 | D:2      | Noticed Robin
   830 | D:2      | Killed Robin
   920 | D:2      | Found an opulent altar of Gozag.
   984 | D:2      | You fall into a shaft and drop 1 floor!
  1194 | D:2      | Reached skill level 1 in Armour
  1194 | D:2      | Reached XP level 4. HP: 25/34 MP: 4/4
  1552 | D:2      | Reached skill level 4 in Axes
  1933 | D:3      | Found a faded altar of an unknown god.
  2391 | D:3      | Reached XP level 5. HP: 28/40 MP: 5/5
  2551 | D:3      | Found an ornate altar of the Wu Jian Council.
  2659 | D:3      | Found a sparkling altar of Nemelex Xobeh.
  2790 | D:4      | Noticed Eustachio
  2990 | D:4      | Found a transporter.
  2990 | D:4      | Noticed a phantom
  3013 | D:4      | Killed a phantom
  3013 | D:4      | Gained mutation: You are partially covered in icy blue
                  | scales. (AC +2) [demonic ancestry]
  3013 | D:4      | Reached XP level 6. HP: 29/47 MP: 6/6
  3056 | D:4      | Noticed Natasha
  3057 | D:4      | Found a transporter.
  3057 | D:4      | Noticed splatterpode's ghost (weakling OpEE)
  3067 | D:4      | Killed Natasha
  3192 | D:4      | Noticed Pikel
  3192 | D:4      | Noticed a slave
  3193 | D:4      | Noticed a slave
  3193 | D:4      | Noticed a slave
  3195 | D:4      | Noticed a slave
  3490 | D:4      | Reached skill level 5 in Axes
  3689 | D:4      | Killed a slave
  3722 | D:3      | Killed a slave
  4023 | D:4      | Killed Pikel
  4023 | D:4      | Reached skill level 6 in Axes
  4023 | D:4      | Gained mutation: You are slightly more attuned to the
                  | shadows. [demonic ancestry]
  4023 | D:4      | Reached XP level 7. HP: 30/54 MP: 7/7
  4063 | D:4      | Noticed Natasha
  4078 | D:4      | Killed Natasha
  4108 | D:4      | Noticed Natasha
  4123 | D:4      | Killed Natasha
  4205 | D:4      | Killed Eustachio
  4205 | D:4      | Gained mutation: A weak demonic guardian rushes to your
                  | aid. [demonic ancestry]
  4205 | D:4      | Reached XP level 8. HP: 61/61 MP: 8/8
  4208 | D:4      | Quit the game

Levels and vault maps discovered:
D:1:      sevenhm_arrival_forest_fort_small_3, layout_loops_ring,
          hangedman_feature_mirror, kennysheep_another_room
D:2:      layout_basic, nicolae_gozag_seed_capital, uniq_robin
D:3:      layout_basic, old_standard_altar, chequers_ecumenical_altar_grove,
          first_ration, grunt_ministairs_3, nemelex_spade_bored_becter
D:4:      layout_rooms, gammafunk_ghost_arena, uniq_pikel, uniq_natasha,
          uniq_eustachio, uniq_menkaure

Skill      XL: |  1  2  3  4  5  6 |
---------------+-------------------+-----
Axes           | 3 4 6 |  6.3
Armour         | 1 2 4 |  4.5
Fighting       | 3 4 |  4.3
Throwing       | 2 |  2.6
Dodging        | |  2.6

Action                   |  1- 3 |  4- 6 |  7- 9 || total
-------------------------+-------+-------+-------++-------
Melee: War axe           |    94 |   176 |     6 ||   276
       Headbutt          |    10 |    29 |     1 ||    40
       Unarmed           |       |     3 |       ||     3
Throw: Dart              |       |    10 |    21 ||    31
       Throwing net      |       |     3 |     1 ||     4
  Use: Potion            |     3 |     3 |       ||     6
  Eat: Chunk             |     1 |     5 |     1 ||     7
       Ration            |       |     1 |       ||     1
Armor: Leather armour    |    22 |     7 |       ||    29
       Ring mail         |       |    39 |     4 ||    43
Dodge: Dodged            |    57 |   111 |     1 ||   169

Table legend:
 A = Non-vault XP
 B = Vault XP
 C = Vault XP percentage of total XP
 D = Non-vault monster count
 E = Vault monster count
 F = Vault count percentage of total count
                 A         B        C        D         E       F
            +---------+---------+-------+---------+---------+-------
      Total |     530 |     953 |  64.3 |      69 |      19 |  21.6
            +---------+---------+-------+---------+---------+-------
        D:1 |      34 |      16 |  32.0 |      21 |       6 |  22.2
        D:2 |      47 |      25 |  34.7 |      19 |       6 |  24.0
        D:3 |     119 |      11 |   8.5 |      20 |       4 |  16.7
        D:4 |     330 |     901 |  73.2 |       9 |       3 |  25.0
            +---------+---------+-------+---------+---------+-------
